 Dungeon Crawl Stone Soup version 0.29.0-11-gd7f09526c8 (webtiles) character file.

Game seed: 7505039951628355306

506 mora the Insei (level 7, 0/60 HPs)
             Began as a Gnoll Wanderer on Sept 4, 2022.
             Slain by Pikel
             ... wielding a +2 whip of electrocution
              (4 damage)
             ... on level 4 of the Dungeon on Sept 5, 2022.
             The game lasted 00:08:27 (5665 turns).

mora the Insei (Gnoll Wanderer)                     Turns: 5665, Time: 00:08:28

Health: 0/60       AC:  5    Str: 10    XL:     7   Next: 18%
Magic:  17/21      EV: 12    Int: 13    God:
Gold:   44         SH:  0    Dex: 13    Spells: 11/13 levels left

rFire   . . .      SeeInvis +   k - +7 club
rCold   . . .      Faith    .   (no shield)
rNeg    . . .      Spirit   .   o - +0 robe
rPois   .          Reflect  .   c - +1 hat {SInv}
rElec   .          Harm     .   f - +0 cloak
rCorr   .          Rampage  .   p - +0 pair of gloves
Will    .....                   (no boots)
Stlth   ++........              (no amulet)
HPRegen 0.20/turn               l - ring of magical power
MPRegen 0.17/turn               (no ring)

@: no status effects
A: fangs 1, strong nose, distributed training
a: no special abilities


You were on level 4 of the Dungeon.
You visited 2 branches of the dungeon, and saw 5 of its levels.

You collected 204 gold pieces.
You spent 160 gold pieces at shops.

Inventory:

Hand Weapons
 a - a +0 dagger
 g - a +2 short sword of protection
 k - a +7 club (weapon)
Armour
 c - a +1 hat of see invisible (worn)
 f - a +0 cloak (worn)
 o - a +0 robe (worn)
 p - a +0 pair of gloves (worn)
Jewellery
 l - a ring of magical power (left hand)
Wands
 A - a wand of acid (4)
Scrolls
 d - 2 scrolls of fog
 e - 5 scrolls of identify {unknown}
 i - a scroll of blinking {unknown}
 m - a scroll of fear {unknown}
 n - a scroll of amnesia {unknown}
 q - 2 scrolls of enchant armour {unknown}
 r - a scroll of noise {unknown}
 t - 6 scrolls of teleportation
Potions
 b - a potion of brilliance {unknown}
 h - a potion of heal wounds
 j - 2 potions of might {unknown}
 s - a potion of invisibility {unknown}
 u - a potion of flight {unknown}
 v - 3 potions of mutation {unknown}


   Skills:
 + Level 7.0 Fighting
 + Level 2.4 Short Blades
 + Level 2.4 Long Blades
 + Level 2.4 Axes
 + Level 2.4 Maces & Flails
 + Level 2.4 Polearms
 + Level 2.4 Staves
 + Level 2.4 Ranged Weapons
 + Level 2.4 Throwing
 + Level 2.4 Armour
 + Level 2.4 Dodging
 + Level 2.4 Stealth
 + Level 2.4 Shields
 + Level 7.0 Unarmed Combat
 + Level 3.7 Spellcasting
 + Level 2.0 Conjurations
 + Level 2.0 Hexes
 + Level 2.0 Summonings
 + Level 2.0 Necromancy
 + Level 2.0 Translocations
 + Level 2.0 Transmutations
 + Level 5.8 Fire Magic
 + Level 2.0 Ice Magic
 + Level 2.0 Air Magic
 + Level 2.0 Earth Magic
 + Level 2.0 Poison Magic
 + Level 2.7 Invocations
 + Level 2.4 Evocations


You had 11 spell levels left.
You knew the following spells:

 Your Spells              Type           Power      Damage    Failure   Level
a - Foxfire               Conj/Fire      48%        2x1d6     4%          1
b - Magic Dart            Conj           28%        1d4       10%         1

Your spell library contained the following spells:

 Spells                   Type           Power      Damage    Failure   Level
 Necrotise                Necr           28%        1d5       10%         1
 Conjure Flame            Conj/Fire      12%        6-21      13%         3
 Call Imp                 Summ           7%         N/A       14%         2
 Gell's Gravitas          Tloc           7%         N/A       28%         3
 Lesser Beckoning         Tloc           7%         N/A       28%         3
 Mephitic Cloud           Conj/Pois/Air  7%         N/A       28%         3
 Teleport Other           Tloc           7%         N/A       28%         3
 Vampiric Draining        Necr           7%         2d6       28%         3
 Flame Wave               Conj/Fire      12%        2d6       38%         4
 Agony                    Necr           7%         N/A       95%         5


Dungeon Overview and Level Annotations

Branches:
Dungeon (4/15)             Temple (1/1) D:4

Altars:
Ashenzari
Dithmenos
Elyvilon
Gozag
Hepliaklqana
Nemelex Xobeh
Okawaru
Qazlal
Ru
Uskayaw
Vehumet
The Shining One

Shops:
D:1 [   D:4 *

Annotations:
D:4 Pikel


Innate Abilities, Weirdness & Mutations

You have very sharp teeth.
Your uncanny sense of smell can sniff out nearby items.
Your experience applies equally to all skills.


Message History

The lemure is heavily wounded.
The lemure hits you but does no damage.
Casting: Foxfire (safe; 4% risk of failure)
Confirm with . or Enter, or press ? or * to list all spells.
You conjure some foxfire!
The lemure closely misses you.
The foxfire hits the lemure.
The lemure is severely wounded.
The foxfire hits Pikel.
Pikel is lightly wounded.
The lemure closely misses you. Pikel attacks as you move away!
Pikel hits you with a +2 whip of electrocution.
Casting: Foxfire (safe; 4% risk of failure)
Confirm with . or Enter, or press ? or * to list all spells.
You conjure some foxfire!
Pikel hits you with a +2 whip of electrocution!
You are electrocuted!
Pikel misses you.
The foxfire hits Pikel but does no damage.
Pikel is lightly wounded.
The foxfire hits Pikel but does no damage.
Pikel is lightly wounded.
Casting: Foxfire (safe; 4% risk of failure)
Confirm with . or Enter, or press ? or * to list all spells.
You conjure some foxfire!
Pikel hits you with a +2 whip of electrocution!
The foxfire hits Pikel.
Pikel is lightly wounded.
The foxfire hits Pikel.
Pikel is lightly wounded.
Pikel closely misses you. Pikel attacks as you move away! Pikel misses you.
Pikel attacks as you move away!
Pikel hits you with a +2 whip of electrocution.
You are electrocuted!!
* * * LOW HITPOINT WARNING * * *
Pikel attacks as you move away! Pikel closely misses you.
There is a stone staircase leading up here.
Pikel hits you with a +2 whip of electrocution.
You die...

#..... ##### #####..... ##...###
######.##...... ###......#
..#............
#....##..##..............†
##...##.......#.....<..... ##
###..###...#..............
###.##.....5...##..............
..#....#.....#5K@.###............
.....$..#....#.........>...##.##.
#......##............#......####.
#.##$...###..........#...........
#.....##...#....(.#####.##..##
###...###..#....##### #...#
#..........######.######..##
..#........##..........#..#
..#..5.# #........##......##


You could see Pikel and 2 lemures.

Vanquished Creatures
  Grinder (D:3)
  2 lemures (D:4)
  A scorpion (D:3)
  Jessica (D:2)
  7 gnolls
  7 adders
  An ufetubus (D:4)
  2 worms (D:3)
  2 dart slugs
  2 orcs (D:3)
  7 ball pythons
  8 endoplasms
  4 giant cockroaches
  8 goblins
  11 hobgoblins
  6 kobolds
  3 quokkas
  4 bats
  5 frilled lizards
  3 rats
85 creatures vanquished.

Vanquished Creatures (others)
  399 foxfires
399 creatures vanquished.

Grand Total: 484 creatures vanquished

Notes
Turn   | Place    | Note
-------+----------+-------------------------------------------
     0 | D:1      | mora the Gnoll Wanderer began the quest for the Orb.
     0 | D:1      | mora set off with the following items: a +0 dagger, a +0
                  | robe, 2 scrolls of fog, a scroll of teleportation; and the
                  | following spell memorised: Foxfire; and the following
                  | spells available to memorise: Conjure Flame, Flame Wave.
     0 | D:1      | Reached XP level 1. HP: 23/23 MP: 4/4
   287 | D:1      | Found a faded altar of an unknown god.
   613 | D:1      | Reached XP level 2. HP: 29/29 MP: 1/5
   689 | D:1      | Found Joerap's Armour Emporium.
  1587 | D:2      | Noticed Jessica
  1598 | D:1      | Reached XP level 3. HP: 15/35 MP: 4/7
  2131 | D:2      | Killed Jessica
  2132 | D:2      | Reached skill level 1 in Short Blades
  2132 | D:2      | Reached skill level 1 in Long Blades
  2132 | D:2      | Reached skill level 1 in Axes
  2132 | D:2      | Reached skill level 1 in Maces & Flails
  2132 | D:2      | Reached skill level 1 in Polearms
  2132 | D:2      | Reached skill level 1 in Staves
  2132 | D:2      | Reached skill level 1 in Ranged Weapons
  2132 | D:2      | Reached skill level 1 in Throwing
  2132 | D:2      | Reached skill level 1 in Armour
  2132 | D:2      | Reached skill level 1 in Dodging
  2132 | D:2      | Reached skill level 1 in Stealth
  2132 | D:2      | Reached skill level 1 in Shields
  2132 | D:2      | Reached skill level 1 in Invocations
  2132 | D:2      | Reached skill level 1 in Evocations
  2132 | D:2      | Reached XP level 4. HP: 41/41 MP: 3/8
  2530 | D:2      | Learned a level 1 spell: Magic Dart
  2578 | D:2      | Reached skill level 1 in Conjurations
  2578 | D:2      | Reached skill level 1 in Hexes
  2578 | D:2      | Reached skill level 1 in Summonings
  2578 | D:2      | Reached skill level 1 in Necromancy
  2578 | D:2      | Reached skill level 1 in Translocations
  2578 | D:2      | Reached skill level 1 in Transmutations
  2578 | D:2      | Reached skill level 1 in Ice Magic
  2578 | D:2      | Reached skill level 1 in Air Magic
  2578 | D:2      | Reached skill level 1 in Earth Magic
  2578 | D:2      | Reached skill level 1 in Poison Magic
  3021 | D:3      | Identified the +3 dagger of Hacking and Slashing {drain,
                  | rF+ Str+8 Stlth+}
  3052 | D:3      | Noticed a scorpion
  3065 | D:3      | Killed a scorpion
  3066 | D:3      | Reached XP level 5. HP: 29/47 MP: 9/9
  3677 | D:3      | Reached XP level 6. HP: 30/53 MP: 11/11
  3830 | D:3      | Noticed Grinder
  3838 | D:3      | Paralysed by Grinder for 2 turns
  3853 | D:3      | Paralysed by Grinder for 2 turns
  3858 | D:3      | Killed Grinder
  4129 | D:3      | Reached XP level 7. HP: 60/60 MP: 12/12
  4346 | D:1      | Bought a +1 hat of see invisible for 160 gold pieces
  4463 | D:4      | Found a shadowy altar of Dithmenos.
  4663 | D:4      | Found Usehawil's General Store.
  4855 | D:4      | Found a staircase to the Ecumenical Temple.
  4875 | Temple   | Entered the Ecumenical Temple
  5645 | D:4      | Noticed Pikel
  5662 | D:4      | HP: 3/60 [Pikel/+2 whip of electrocution (18)]
  5665 | D:4      | Slain by Pikel

Illustrated notes

Levels and vault maps discovered:
D:1:      psy_arrival_conway, layout_loops_corners, serial_shops,
          nicolae_diamond_shop, hellmonk_ecumenical_altar_arch_garden,
          hangedman_decor_peaks_small
D:2:      layout_rooms, uniq_jessica
D:3:      minmay_diamond_boxcup, layout_basic, grunt_ministairs_12,
          grunt_decor_fettered, uniq_grinder
D:4:      layout_cave_pools, mainiacjoe_overflow_surrounded_room,
          minmay_temple_entry_statues_fountains, serial_shops, shop, uniq_pikel
Temple:   minmay_temple_curvy_loop

Skill      XL: |  1  2  3  4  5  6  7 |
---------------+----------------------+-----
Short Blades   | 1 2 |  2.4
Long Blades    | 1 2 |  2.4
Axes           | 1 2 |  2.4
Maces & Flails | 1 2 |  2.4
Polearms       | 1 2 |  2.4
Staves         | 1 2 |  2.4
Ranged Weapons | 1 2 |  2.4
Throwing       | 1 2 |  2.4
Armour         | 1 2 |  2.4
Dodging        | 1 2 |  2.4
Stealth        | 1 2 |  2.4
Shields        | 1 2 |  2.4
Invocations    | 1 2 |  2.7
Evocations     | 1 2 |  2.4
Spellcasting   | 3 |  3.7
Conjurations   | 1 2 |  2.0
Hexes          | 1 2 |  2.0
Summonings     | 1 2 |  2.0
Necromancy     | 1 2 |  2.0
Translocations | 1 2 |  2.0
Transmutations | 1 2 |  2.0
Ice Magic      | 1 2 |  2.0
Air Magic      | 1 2 |  2.0
Earth Magic    | 1 2 |  2.0
Poison Magic   | 1 2 |  2.0
Fighting       | 7 |  7.0
Unarmed Combat | 7 |  7.0
Fire Magic     | |  5.8

Action                   |  1- 3 |  4- 6 |  7- 9 || total
-------------------------+-------+-------+-------++-------
Melee: Dagger            |    39 |       |       ||    39
       Bite              |     5 |       |       ||     5
       Punch             |     2 |       |       ||     2
       Short sword       |     7 |       |       ||     7
 Cast: Foxfire           |    46 |   105 |    77 ||   228
       Magic Dart        |       |     5 |       ||     5
  Use: Potion            |       |     2 |       ||     2
       Scroll            |       |       |     1 ||     1
Armor: Robe              |    15 |    10 |     6 ||    31
Dodge: Dodged            |    55 |    45 |    46 ||   146
